TOP OF THE 1ST |
Kalamazoo Royale with Cheese batting - Pitching for Austin River Sharks : RHP Jean Burrows
|
Pitching: RHP Jean Burrows
|
|
Batting: LHB Tom Blake
|
0-0: Ball 1-0: Foul Ball, location: 2F 1-1: Called Strike 1-2: Strikes out swinging
|
Batting: LHB Doyle Otterburn
|
0-0: Ball 1-0: Ball 2-0: Ball 3-0: Ground out U3 (Groundball, 34S)
|
Batting: RHB Andy Aiton
|
0-0: Called Strike 0-1: SINGLE (Groundball, 4D)
|
Batting: LHB Donovan Bird
|
0-0: Ball 1-0: Ball 2-0: Called Strike 2-1: Foul Ball, location: 2F 2-2: Foul Ball, location: 2F 2-2: Fielders Choice at 2nd, 4-6 (Groundball, 4)
|
Top of the 1st over - 0 run(s), 1 hit(s), 0 error(s), 0 left on base; Kalamazoo 0 - Austin 0 |
BOTTOM OF THE 1ST |
Austin River Sharks batting - Pitching for Kalamazoo Royale with Cheese : RHP Miguel Angel Rodríguez
|
Pitching: RHP Miguel Angel Rodríguez
|
|
Batting: LHB Enrico Vargas
|
0-0: Ball 1-0: Ball 2-0: Foul Ball, location: 2F 2-1: Ball 3-1: Foul Ball, location: 2F 3-2: Fly out, F2 (Popup, 56S)
|
Batting: RHB Richard Coker
|
0-0: Ball 1-0: Called Strike 1-1: Ground out 6-3 (Groundball, 56)
|
Batting: LHB Greg Nelson
|
0-0: SINGLE (Line Drive, 89S)
|
Batting: RHB Carlos Guzmán
|
0-0: Fly out, F9 (Flyball, 9S)
|
Bottom of the 1st over - 0 run(s), 1 hit(s), 0 error(s), 1 left on base; Kalamazoo 0 - Austin 0 |
TOP OF THE 2ND |
Kalamazoo Royale with Cheese batting - Pitching for Austin River Sharks : RHP Jean Burrows
|
Batting: LHB Roberto Sandoval
|
0-0: Swinging Strike 0-1: SINGLE (Groundball, 4MD)
|
Batting: LHB Bill McJannett
|
0-0: Called Strike 0-1: Fly out, F3 (Line Drive, 3)
|
Batting: RHB Gernot Renner
|
0-0: Fly out, F6 (Popup, 6)
|
Batting: RHB Rafael González
|
0-0: Called Strike 0-1: Ball 1-1: Swinging Strike 1-2: Foul Ball, location: 2F 1-2: Ball 2-2: Strikes out swinging
|
Top of the 2nd over - 0 run(s), 1 hit(s), 0 error(s), 1 left on base; Kalamazoo 0 - Austin 0 |
BOTTOM OF THE 2ND |
Austin River Sharks batting - Pitching for Kalamazoo Royale with Cheese : RHP Miguel Angel Rodríguez
|
Batting: RHB Todd Bryant
|
0-0: Ball 1-0: Foul Ball, location: 2F 1-1: Fly out, F8 (Line Drive, 89D)
|
Batting: LHB José Liñares
|
0-0: Ball 1-0: Fly out, F8 (Flyball, 8RD)
|
Batting: LHB Harry Pitts
|
0-0: Foul Ball, location: 2F 0-1: Ball 1-1: Ball 2-1: Ball 3-1: Called Strike 3-2: Foul Ball, location: 2F 3-2: Strikes out looking
|
Bottom of the 2nd over - 0 run(s), 0 hit(s), 0 error(s), 0 left on base; Kalamazoo 0 - Austin 0 |
TOP OF THE 3RD |
Kalamazoo Royale with Cheese batting - Pitching for Austin River Sharks : RHP Jean Burrows
|
Batting: SHB Caden Keith
|
0-0: Ball 1-0: Foul Ball, location: 2F 1-1: Ground out 5-3 (Groundball, 56)
|
Batting: LHB Tom Blake
|
0-0: Called Strike 0-1: Called Strike 0-2: Strikes out swinging
|
Batting: LHB Doyle Otterburn
|
0-0: Ball 1-0: Fly out, F8 (Flyball, 8RS)
|
Top of the 3rd over - 0 run(s), 0 hit(s), 0 error(s), 0 left on base; Kalamazoo 0 - Austin 0 |
BOTTOM OF THE 3RD |
Austin River Sharks batting - Pitching for Kalamazoo Royale with Cheese : RHP Miguel Angel Rodríguez
|
Batting: LHB Russell Peck
|
0-0: Ball 1-0: SINGLE (Groundball, 4S) (infield hit)
|
Batting: RHB Teddy Bates
|
0-0: Called Strike 0-1: Called Strike 0-2: SINGLE (Line Drive, 4M) Russell Peck to second Runner from 2nd tries for 3rd, SAFE, throw made to third
|
Pinch Runner at 3rd Eric Neal:
|
|
Batting: LHB Enrico Vargas
|
0-0: Ball 1-0: Ball 2-0: Grounds into double play, 4-6-3 (Groundball, 34) Eric Neal scores
|
Batting: RHB Richard Coker
|
0-0: Foul Ball, location: 2F 0-1: Ball 1-1: Ground out 5-3 (Groundball, 56S)
|
Bottom of the 3rd over - 1 run(s), 2 hit(s), 0 error(s), 0 left on base; Kalamazoo 0 - Austin 1 |
TOP OF THE 4TH |
Kalamazoo Royale with Cheese batting - Pitching for Austin River Sharks : RHP Jean Burrows
|
Now at 2B: Eric Neal
|
|
Batting: RHB Andy Aiton
|
0-0: Reached on error, E5 (Groundball, 56)
|
Batting: LHB Donovan Bird
|
0-0: Ball 1-0: Ball 2-0: DOUBLE (Line Drive, 9LM) Andy Aiton scores
|
Batting: LHB Roberto Sandoval
|
0-0: Ball 1-0: Ball 2-0: Called Strike 2-1: Ground out 2-3 (Groundball, 2R) Donovan Bird to third
|
Batting: LHB Bill McJannett
|
0-0: Reached via error on a dropped throw, E3 Donovan Bird scores
|
Batting: RHB Gernot Renner
|
0-0: Ball 1-0: 2-RUN HOME RUN (Flyball, 7LD), Distance : 364 ft
|
Batting: RHB Rafael González
|
0-0: Called Strike 0-1: Swinging Strike 0-2: Ground out 4-3 (Groundball, 4)
|
Batting: SHB Caden Keith
|
0-0: Called Strike 0-1: Swinging Strike 0-2: Ball 1-2: Fly out, F7 (Flyball, 7S)
|
Top of the 4th over - 4 run(s), 2 hit(s), 2 error(s), 0 left on base; Kalamazoo 4 - Austin 1 |
BOTTOM OF THE 4TH |
Austin River Sharks batting - Pitching for Kalamazoo Royale with Cheese : RHP Miguel Angel Rodríguez
|
Batting: LHB Greg Nelson
|
0-0: Called Strike 0-1: Ball 1-1: Foul Ball, location: 2F 1-2: Foul Ball, location: 2F 1-2: SOLO HOME RUN (Flyball, 89XD), Distance : 398 ft
|
Batting: RHB Carlos Guzmán
|
0-0: Fly out, F8 (Flyball, 8LD)
|
Batting: RHB Todd Bryant
|
0-0: Ball 1-0: DOUBLE (Line Drive, 7LM)
|
Batting: LHB José Liñares
|
0-0: SINGLE (Groundball, 4MD) Todd Bryant to third
|
Batting: LHB Harry Pitts
|
0-0: Ball 1-0: SINGLE (Line Drive, 4D) Todd Bryant scores José Liñares to second
|
Batting: RHB Eric Neal
|
0-0: Ball 1-0: Grounds into double play, 6-4-3 (Groundball, 6)
|
Bottom of the 4th over - 2 run(s), 4 hit(s), 0 error(s), 1 left on base; Kalamazoo 4 - Austin 3 |
TOP OF THE 5TH |
Kalamazoo Royale with Cheese batting - Pitching for Austin River Sharks : RHP Jean Burrows
|
Batting: LHB Tom Blake
|
0-0: Called Strike 0-1: Ball 1-1: Swinging Strike 1-2: DOUBLE (Flyball, 8RXD)
|
Batting: LHB Doyle Otterburn
|
0-0: Intentional Walk
|
Pitching: RHP Mitsunari Jouda
|
|
Batting: RHB Andy Aiton
|
0-0: Ball 1-0: Swinging Strike 1-1: SINGLE (Groundball, 4MD) Tom Blake to third Doyle Otterburn to second
|
Batting: LHB Donovan Bird
|
0-0: Ball 1-0: Foul Ball, location: 2F 1-1: Ball 2-1: Foul Ball, location: 2F 2-2: Strikes out swinging
|
Batting: LHB Roberto Sandoval
|
0-0: Foul Ball, location: 2F 0-1: SINGLE (Line Drive, 4MD) Tom Blake scores Doyle Otterburn to third Andy Aiton to second
|
Batting: LHB Bill McJannett
|
0-0: Ball 1-0: Ball 2-0: Called Strike 2-1: Foul Ball, location: 2F 2-2: Ball 3-2: Grounds into fielders choice 4-2 (Groundball, 4) Andy Aiton to third Roberto Sandoval to second
|
Batting: RHB Gernot Renner
|
0-0: Ball 1-0: Ball 2-0: Ball 3-0: Called Strike 3-1: Base on Balls Andy Aiton scores Roberto Sandoval to third Bill McJannett to second
|
Batting: RHB Rafael González
|
0-0: Ball 1-0: Ball 2-0: Ball 3-0: Base on Balls Roberto Sandoval scores Bill McJannett to third Gernot Renner to second
|
Batting: SHB Caden Keith
|
0-0: Ball 1-0: Ball 2-0: Called Strike 2-1: Foul Ball, location: 2F 2-2: Foul Ball, location: 2F 2-2: Ball 3-2: Strikes out swinging
|
Top of the 5th over - 3 run(s), 3 hit(s), 0 error(s), 3 left on base; Kalamazoo 7 - Austin 3 |
BOTTOM OF THE 5TH |
Austin River Sharks batting - Pitching for Kalamazoo Royale with Cheese : RHP Miguel Angel Rodríguez
|
Batting: RHB Teddy Bates
|
0-0: Foul Ball, location: 2F 0-1: Foul Ball, location: 2F 0-2: Foul Ball, location: 2F 0-2: Ball 1-2: Ball 2-2: Ball 3-2: Strikes out swinging
|
Batting: LHB Enrico Vargas
|
0-0: Called Strike 0-1: Ball 1-1: DOUBLE (Line Drive, 7LD)
|
Batting: RHB Richard Coker
|
0-0: Swinging Strike 0-1: Swinging Strike 0-2: Strikes out swinging
|
Batting: LHB Greg Nelson
|
0-0: Ball 1-0: SINGLE (Groundball, 34D) Enrico Vargas to third Runner from 3rd tries for Home, SAFE, no throw
|
Batting: RHB Carlos Guzmán
|
0-0: Fly out, F8 (Flyball, 8LS)
|
Bottom of the 5th over - 1 run(s), 2 hit(s), 0 error(s), 1 left on base; Kalamazoo 7 - Austin 4 |
TOP OF THE 6TH |
Kalamazoo Royale with Cheese batting - Pitching for Austin River Sharks : RHP Mitsunari Jouda
|
Pitching: RHP Tatsuzo Harada
|
|
Batting: LHB Tom Blake
|
0-0: Ball 1-0: Ball 2-0: Ball 3-0: Called Strike 3-1: Swinging Strike 3-2: Strikes out swinging
|
Batting: LHB Doyle Otterburn
|
0-0: Foul Ball, location: 2F 0-1: Ball 1-1: Ball 2-1: Foul Ball, location: 2F 2-2: Ball 3-2: Base on Balls
|
Batting: RHB Andy Aiton
|
0-0: Called Strike 0-1: Ball 1-1: Foul Ball, location: 2F 1-2: Strikes out looking
|
Batting: LHB Donovan Bird
|
0-0: Foul Ball, location: 2F 0-1: Called Strike 0-2: Foul Ball, location: 2F 0-2: Ball 1-2: Strikes out swinging
|
Top of the 6th over - 0 run(s), 0 hit(s), 0 error(s), 1 left on base; Kalamazoo 7 - Austin 4 |
BOTTOM OF THE 6TH |
Austin River Sharks batting - Pitching for Kalamazoo Royale with Cheese : RHP Miguel Angel Rodríguez
|
Batting: RHB Todd Bryant
|
0-0: Called Strike 0-1: Ground out 4-3 (Groundball, 4)
|
Batting: LHB José Liñares
|
0-0: Ball 1-0: Called Strike 1-1: Called Strike 1-2: Strikes out swinging
|
Batting: LHB Harry Pitts
|
0-0: Ball 1-0: Ball 2-0: Foul Ball, location: 2F 2-1: Fly out, F4 (Popup, 4MD)
|
Bottom of the 6th over - 0 run(s), 0 hit(s), 0 error(s), 0 left on base; Kalamazoo 7 - Austin 4 |
TOP OF THE 7TH |
Kalamazoo Royale with Cheese batting - Pitching for Austin River Sharks : RHP Tatsuzo Harada
|
Batting: LHB Roberto Sandoval
|
0-0: Ball 1-0: Ball 2-0: Called Strike 2-1: Called Strike 2-2: Foul Ball, location: 2F 2-2: Foul Ball, location: 2F 2-2: Ball 3-2: Fly out, F8 (Flyball, 89M)
|
Pitching: RHP Josh Graham
|
|
Batting: LHB Bill McJannett
|
0-0: Ball 1-0: Swinging Strike 1-1: Foul Ball, location: 2F 1-2: Ball 2-2: Strikes out looking
|
Batting: RHB Gernot Renner
|
0-0: Called Strike 0-1: Swinging Strike 0-2: Ball 1-2: Ball 2-2: Ball 3-2: Foul Ball, location: 2F 3-2: Foul Ball, location: 2F 3-2: Fly out, F8 (Flyball, 89XD)
|
Top of the 7th over - 0 run(s), 0 hit(s), 0 error(s), 0 left on base; Kalamazoo 7 - Austin 4 |
BOTTOM OF THE 7TH |
Austin River Sharks batting - Pitching for Kalamazoo Royale with Cheese : RHP Miguel Angel Rodríguez
|
Batting: RHB Eric Neal
|
0-0: Foul Ball, location: 2F 0-1: Ground out 6-3 (Groundball, 6)
|
Batting: RHB Teddy Bates
|
0-0: SINGLE (Line Drive, 78M)
|
Batting: LHB Enrico Vargas
|
0-0: Called Strike 0-1: Called Strike 0-2: Ball 1-2: Grounds into double play, 4-6-3 (Groundball, 4)
|
Bottom of the 7th over - 0 run(s), 1 hit(s), 0 error(s), 0 left on base; Kalamazoo 7 - Austin 4 |
TOP OF THE 8TH |
Kalamazoo Royale with Cheese batting - Pitching for Austin River Sharks : RHP Josh Graham
|
Batting: RHB Rafael González
|
0-0: Ball 1-0: Fly out, F9 (Flyball, 9S)
|
Batting: SHB Caden Keith
|
0-0: Ball 1-0: Swinging Strike 1-1: Swinging Strike 1-2: Ground out 4-3 (Groundball, 4)
|
Batting: LHB Tom Blake
|
0-0: Called Strike 0-1: DOUBLE (Line Drive, 7LS)
|
Batting: LHB Doyle Otterburn
|
0-0: Ball 1-0: Ball Error on foul ball, E2 2-1: Swinging Strike 2-2: Ball 3-2: Foul Ball, location: 2F 3-2: DOUBLE (Line Drive, 89D) Tom Blake scores
|
Pitching: RHP Luis Trujillo
|
|
Batting: RHB Andy Aiton
|
0-0: Called Strike 0-1: Called Strike 0-2: Fly out, F9 (Flyball, 89XD)
|
Top of the 8th over - 1 run(s), 2 hit(s), 1 error(s), 1 left on base; Kalamazoo 8 - Austin 4 |
BOTTOM OF THE 8TH |
Austin River Sharks batting - Pitching for Kalamazoo Royale with Cheese : RHP Miguel Angel Rodríguez
|
Batting: RHB Richard Coker
|
0-0: Called Strike 0-1: Called Strike 0-2: Ball 1-2: SINGLE (Groundball, 6MD)
|
Batting: LHB Greg Nelson
|
0-0: Called Strike 0-1: Ball 1-1: Ball 2-1: Foul Ball, location: 2F 2-2: Ball 3-2: Base on Balls Richard Coker to second
|
Batting: RHB Carlos Guzmán
|
0-0: Called Strike 0-1: SINGLE (Groundball, 4MD) Richard Coker to third Greg Nelson to second Runner from 3rd tries for Home, SAFE, throw made at trailing runner, SAFE at third!
|
Batting: RHB Todd Bryant
|
0-0: Ball 1-0: Ball 2-0: Foul Ball, location: 2F 2-1: Foul Ball, location: 2F 2-2: Foul Ball, location: 2F 2-2: Ball 3-2: Foul Ball, location: 2F 3-2: Base on Balls Carlos Guzmán to second
|
Batting: LHB José Liñares
|
0-0: Called Strike 0-1: Foul Ball, location: 2F 0-2: SINGLE (Flyball, 6MD) Greg Nelson scores Carlos Guzmán to third Todd Bryant to second
|
Pitching: LHP Carlos Thomas
|
|
Pinch Hitting: RHB Dexter Potter
|
0-0: Foul Ball, location: 2F 0-1: Called Strike 0-2: Foul Ball, location: 2F 0-2: Ball 1-2: SINGLE (Groundball, 34D) Carlos Guzmán scores Todd Bryant to third José Liñares to second
|
Pitching: RHP Enrique Aguilera
|
|
Batting: RHB Eric Neal
|
0-0: Grounds into fielders choice 5-2 (Groundball, 25) José Liñares to third Dexter Potter to second
|
Batting: RHB Teddy Bates
|
0-0: Ball 1-0: Swinging Strike 1-1: Swinging Strike 1-2: Strikes out swinging
|
Pitching: LHP Manuel Herrera
|
|
Batting: LHB Enrico Vargas
|
0-0: Swinging Strike 0-1: Ground out U3 (Groundball, 34)
|
Bottom of the 8th over - 3 run(s), 4 hit(s), 0 error(s), 3 left on base; Kalamazoo 8 - Austin 7 |
TOP OF THE 9TH |
Kalamazoo Royale with Cheese batting - Pitching for Austin River Sharks : RHP Luis Trujillo
|
Pitching: RHP José Salinas
|
|
Now at 1B: Manny Copriviza
|
|
Batting: LHB Donovan Bird
|
0-0: Called Strike 0-1: Ball 1-1: Ball 2-1: Ground out 3-1 (Groundball, 34)
|
Batting: LHB Roberto Sandoval
|
0-0: Called Strike 0-1: Called Strike 0-2: Ball 1-2: SINGLE (Line Drive, 34D)
|
Batting: LHB Bill McJannett
|
0-0: Ball 1-0: SINGLE (Groundball, 34D) Roberto Sandoval to second Runner from 2nd tries for 3rd, SAFE, throw made to third Bill McJannett to second
|
Batting: RHB Gernot Renner
|
0-0: Intentional Walk
|
Pinch Hitting: RHB Greg Handrahan
|
0-0: Called Strike 0-1: Ball 1-1: Ball 2-1: SINGLE (Groundball, 6MD) Roberto Sandoval scores Bill McJannett to third Gernot Renner to second Runner from 3rd tries for Home, SAFE, throw made home Gernot Renner to third Greg Handrahan to second
|
Batting: SHB Caden Keith
|
0-0: Foul Ball, location: 2F 0-1: Swinging Strike 0-2: Fly out, F7 (Flyball, 7S)
|
Batting: LHB Tom Blake
|
0-0: Foul Ball, location: 2F 0-1: Foul Ball, location: 2F 0-2: Strikes out swinging
|
Top of the 9th over - 2 run(s), 3 hit(s), 0 error(s), 2 left on base; Kalamazoo 10 - Austin 7 |
BOTTOM OF THE 9TH |
Austin River Sharks batting - Pitching for Kalamazoo Royale with Cheese : LHP Manuel Herrera
|
Pitching: RHP Rikiya Sakurai
|
|
Now at SS: Miguel Encarnación
|
|
Batting: RHB Richard Coker
|
0-0: Called Strike 0-1: Ball 1-1: Fly out, F3 (Line Drive, 3)
|
Batting: LHB Greg Nelson
|
0-0: Ball 1-0: Ball 2-0: Called Strike 2-1: Ball 3-1: SINGLE (Flyball, 8RS)
|
Batting: RHB Carlos Guzmán
|
0-0: Called Strike 0-1: Ball 1-1: Called Strike 1-2: Ground out 4-3 (Groundball, 34) Greg Nelson to second
|
Batting: RHB Todd Bryant
|
0-0: Foul Ball, location: 2F 0-1: Foul Ball, location: 2F 0-2: Ball 1-2: Foul Ball, location: 2F 1-2: Ball 2-2: Ball 3-2: Foul Ball, location: 2F 3-2: Base on Balls
|
Batting: LHB José Liñares
|
0-0: Ball 1-0: Called Strike 1-1: SINGLE (Groundball, 3D) Greg Nelson to third Todd Bryant to second Runner from 3rd tries for Home, SAFE, throw made home
|
Batting: RHB Manny Copriviza
|
0-0: Ball 1-0: Called Strike 1-1: Ball 2-1: Swinging Strike 2-2: Strikes out looking
|
Bottom of the 9th over - 1 run(s), 2 hit(s), 0 error(s), 2 left on base; Kalamazoo 10 - Austin 8 |
|